 Dungeon Crawl Stone Soup version 0.30-a0-12-gd8047c6341 (webtiles) character file.

Game seed: 6428007688237350068

3133 greasedhog the Protected (level 9, -1/55 HPs)
             Began as a Gargoyle Wanderer on Aug 23, 2022.
             Was an Initiate of Qazlal.
             Slain by a four-headed hydra (4 damage)
             ... on level 6 of the Dungeon.
             The game lasted 00:10:28 (9085 turns).

greasedhog the Protected (Gargoyle Wanderer)        Turns: 9085, Time: 00:10:29

Health: -1/55      AC: 16    Str: 20    XL:     9   Next: 92%
Magic:  9/9        EV: 13    Int:  6    God:    Qazlal [......]
Gold:   595        SH:  0    Dex: 17    Spells: 8/8 levels left

rFire   . . .      SeeInvis .    p - +1 flail (vorpal)
rCold   + . .      Faith    .    (no shield)
rNeg    + . .      Spirit   .    B - +2 ring mail of Incorporation {rC+ Will+ Int-5 Dex+6}
rPois   ∞          Reflect  .    (no helmet)
rElec   +          Harm     .    (no cloak)
rCorr   .          Rampage  .    (no gloves)
Will    +....                    c - +0 pair of boots
Stlth   +.........               (no amulet)
HPRegen 0.18/turn                (no ring)
MPRegen 0.11/turn                (no ring)

@: no status effects
A: sickness immunity, AC +6, negative energy resistance 1, electricity
resistance, torment resistance 1, petrification resistance
a: Renounce Religion


You were on level 6 of the Dungeon.
You worshipped Qazlal.
Qazlal was noncommittal.
You visited 2 branches of the dungeon, and saw 8 of its levels.

You collected 595 gold pieces.

Inventory:

Hand Weapons
 p - a +1 vorpal flail (weapon)
Missiles
 v - a throwing net (quivered)
Armour
 c - a +0 pair of boots (worn)
 B - the +2 ring mail of Incorporation (worn) {rC+ Will+ Int-5 Dex+6}
   (You found it on level 6 of the Dungeon)

   Int:       It affects your intelligence (-5).
   Dex:       It affects your dexterity (+6).
   rC:        It protects you from cold.
   Will:      It increases your willpower.
Jewellery
 k - a ring of fire
Wands
 C - a wand of acid (4)
Scrolls
 d - a scroll of blinking
 i - 2 scrolls of fear
 l - 4 scrolls of teleportation
 m - 3 scrolls of summoning
 n - 3 scrolls of butterflies
 o - a scroll of vulnerability {unknown}
 q - a scroll of torment {unknown}
 r - a scroll of magic mapping {unknown}
 t - a scroll of brand weapon {unknown}
 y - a scroll of enchant weapon {unknown}
 A - a scroll of immolation {unknown}
Potions
 b - a potion of attraction
 e - 2 potions of heal wounds
 f - 2 potions of haste {unknown}
 g - 2 potions of resistance {unknown}
 h - 3 potions of flight {unknown}
 j - 2 potions of might {unknown}
 s - a potion of lignification {unknown}
 u - a potion of berserk rage {unknown}
 w - 2 potions of mutation {unknown}
 x - a potion of curing {unknown}
 z - 2 potions of degeneration {unknown}


   Skills:
 * Level 6.3 Fighting
 * Level 6.7(7.5) Maces & Flails
 - Level 5.0(6.6) Staves
 * Level 9.3 Armour
 - Level 5.0 Dodging
 - Level 1.0 Evocations


You had 8 spell levels left.
You didn't know any spells.
Your spell library contained the following spells:

 Spells                   Type           Power      Damage    Failure   Level
 Conjure Flame            Conj/Fire      0%         6-21      92%         3
 Ignite Poison            Fire/Tmut/Pois 0%         N/A       92%         3
 Sticky Flame             Conj/Fire      0%         2d3       100%        4
 Summon Forest            Summ/Tloc      0%         N/A       100%        5
 Summon Mana Viper        Hex/Summ       0%         N/A       100%        5
 Summon Cactus Giant      Summ           0%         N/A       100%        6


Dungeon Overview and Level Annotations

Branches:
Dungeon (7/15)             Temple (1/1) D:6

Altars:
Dithmenos
Elyvilon
Fedhas
Gozag
Kikubaaqudgha
Nemelex Xobeh
Qazlal
Vehumet
Yredelemnul
Zin
The Shining One

Shops:
D:7 :*


Innate Abilities, Weirdness & Mutations

You are immune to sickness and miasma.
Your stone body is resilient. (AC +6)
You are immune to poison.
You resist negative energy. (rN+)
You are resistant to electric shocks. (rElec)
You are resistant to unholy torment.
You are immune to petrification.


Message History

The four-headed hydra bites you but does no damage.
The four-headed hydra bites you.
That's the wrong kind of item! (Use * to select it.) Evoke which item? (* to show all) (? for menu, Esc to quit)
Aiming: Corrosive Bolt
Press: ? - help, Shift-Dir - straight line, f/p - four-headed hydra
Aim: a four-headed hydra (moderately wounded, covered in acid, 90% to hit)
The bolt of acid hits the four-headed hydra!
The four-headed hydra is heavily wounded.
The four-headed hydra bites you. x3
The four-headed hydra bites you but does no damage.
You sock the four-headed hydra!
The four-headed hydra is almost dead.
The four-headed hydra bites you!
* * * LOW HITPOINT WARNING * * *
The four-headed hydra bites you but does no damage.
The four-headed hydra barely misses you.
The four-headed hydra bites you but does no damage.
You feel much better.
The four-headed hydra is no longer covered in acid.
The four-headed hydra bites you!
* * * LOW HITPOINT WARNING * * *
The four-headed hydra bites you but does no damage.
The four-headed hydra closely misses you.
The four-headed hydra bites you.
* * * LOW HITPOINT WARNING * * *
You sock the four-headed hydra!
The four-headed hydra is almost dead.
The four-headed hydra closely misses you.
The four-headed hydra bites you.
* * * LOW HITPOINT WARNING * * *
The four-headed hydra bites you but does no damage. x2
Unknown command.
You barely miss the four-headed hydra.
The four-headed hydra is almost dead.
The four-headed hydra bites you.
* * * LOW HITPOINT WARNING * * *
The four-headed hydra bites you but does no damage.
The four-headed hydra misses you. The four-headed hydra bites you.
You die...

....##.........##....#####.......
..#.##.........##.......##.#.....
....##.........###+##............
..####.........###......#...#....
#.# ####........#+#....#.⌠.#....
#.# #............[###...###.# #.#
#......<....#............ ..#
#...........'..⌠..>..⌠..# ###
#.......@D..#............
#.............###...###.#
#########........#......#.⌠.#....
#.......#...[....##....[#...#...#
#................#..............#
....)............#...........#.##
#.).)....#########.......##.##.#
######...### ##....#.....#.##.#
...........####.........#...##.#


You could see a four-headed hydra.

Vanquished Creatures
  An ugly thing (D:6)
  Grinder (D:6)
  A vampire (D:6)
  An acid dragon (D:6)
  2 water moccasins
  A black bear (D:4)
  3 ice beasts
  2 centaurs
  An ogre (D:6)
  A gnoll sergeant (D:7)
  5 scorpions
  2 bullfrogs
  A necrophage (D:4)
  6 wights
  3 hounds
  2 orc priests
  A gnoll bouda (D:5)
  2 jellies (D:5)
  An iguana (D:6)
  3 orc wizards
  15 gnolls
  4 adders
  A shadow imp (D:4)
  2 white imps
  An ufetubus (D:5)
  A worm (D:2)
  3 dart slugs
  15 orcs
  7 ball pythons
  3 bats
  3 endoplasms
  2 giant cockroaches
  9 goblins
  6 hobgoblins
  4 jackals (D:2)
  9 kobolds
  4 quokkas
  A frilled lizard (D:1)
  A rat (D:6)
131 creatures vanquished.

Vanquished Creatures (others)
  15 fungi
  5 plants (D:3)
  2 toadstools (D:5)
22 creatures vanquished.

Grand Total: 153 creatures vanquished

Notes
Turn   | Place    | Note
-------+----------+-------------------------------------------
     0 | D:1      | greasedhog the Gargoyle Wanderer began the quest for the
                  | Orb.
     0 | D:1      | greasedhog set off with the following items: a +0 vorpal
                  | quarterstaff, a potion of attraction, a +0 scale mail, a
                  | scroll of blinking.
     0 | D:1      | Reached XP level 1. HP: 12/12 MP: 1/1
   290 | D:1      | Reached XP level 2. HP: 18/18 MP: 2/2
  1093 | D:2      | Reached skill level 3 in Armour
  1191 | D:3      | Reached XP level 3. HP: 23/23 MP: 3/3
  1260 | D:3      | Reached XP level 4. HP: 9/28 MP: 4/4
  1592 | D:3      | Identified the +4 leather armour of Anarchy {rElec MP+9}
  1941 | D:3      | Found a faded altar of an unknown god.
  2174 | D:3      | Reached skill level 4 in Armour
  2545 | D:2      | Reached XP level 5. HP: 31/33 MP: 5/5
  3209 | D:4      | Noticed a black bear
  3230 | D:4      | Killed a black bear
  3231 | D:4      | Reached skill level 5 in Fighting
  3231 | D:4      | Reached skill level 5 in Armour
  3231 | D:4      | Reached XP level 6. HP: 19/40 MP: 6/6
  3769 | D:5      | Entered Level 5 of the Dungeon
  3770 | D:5      | Found a white marble altar of Elyvilon.
  3984 | D:5      | Reached skill level 1 in Maces & Flails
  3984 | D:5      | Reached skill level 1 in Dodging
  4108 | D:5      | Reached XP level 7. HP: 38/44 MP: 7/7
  4374 | D:5      | Identified the +8 dagger of Disarray {vorpal, *Corrode
                  | rElec rC+ rN++}
  4499 | D:5      | Reached skill level 6 in Armour
  4634 | D:6      | Noticed Grinder
  4636 | D:6      | Paralysed by Grinder for 3 turns
  5535 | D:6      | Reached XP level 8. HP: 40/49 MP: 8/8
  5688 | D:6      | Identified the +2 ring mail of Incorporation {rC+ Will+
                  | Int-5 Dex+6}
  5834 | D:6      | HP: 1/49 [acid dragon/splash of acid (28)]
  6195 | D:7      | Reached skill level 7 in Armour
  6753 | D:7      | Found Igahemicoy's Vocational Training.
  6791 | D:7      | Reached skill level 5 in Maces & Flails
  6791 | D:7      | Reached XP level 9. HP: 24/54 MP: 9/9
  7059 | D:7      | Found an opulent altar of Gozag.
  7077 | D:7      | Found Gozag's Platinum Reserve.
  7150 | D:7      | Reached skill level 8 in Armour
  7491 | D:7      | Found a blossoming altar of Fedhas.
  7620 | D:6      | Found a staircase to the Ecumenical Temple.
  7644 | Temple   | Entered the Ecumenical Temple
  7844 | D:6      | HP: 1/54 [acid dragon/splash of acid (18)]
  8149 | D:6      | Killed Grinder
  8250 | D:6      | Reached skill level 5 in Dodging
  8371 | D:6      | Identified the +1 robe of Bequeathed Fun {Drain rCorr
                  | Dex+6}
  8375 | D:6      | Noticed a green ugly thing
  8375 | D:6      | Noticed a four-headed hydra
  8392 | D:6      | Killed a green ugly thing
  8393 | D:6      | Reached skill level 9 in Armour
  8664 | D:6      | Found a stormy altar of Qazlal.
  8720 | D:6      | Became a worshipper of Qazlal Stormbringer
  8769 | D:6      | Found a basalt altar of Yredelemnul.
  9085 | D:6      | Slain by a four-headed hydra

Illustrated notes

Levels and vault maps discovered:
D:1:      dpeg_arrival_radiant, layout_basic
D:2:      layout_basic, minmay_goblin_kobold_house
D:3:      layout_basic, dreamdust_ecumenical_altar_hidden_monk_grotto,
          mrwooster_statue_mirror
D:4:      layout_layer_cave
D:5:      layout_rooms, lemuel_tele_altar, minmay_gold_behind_fungi
D:6:      minmay_cornered_nines, layout_basic,
          mainiacjoe_overflow_concentric_impassable, yredelemnul_altar_generic,
          minmay_temple_entry_junction_2, portal_sewer_entry_a, minmay_puff,
          uniq_grinder
D:7:      layout_basic, nicolae_gozag_zags_fifth_avenue, kennysheep_little_box,
          grunt_ministairs_10, nicolae_shop_vocational
Temple:   hellmonk_temple_rainy

Skill      XL: |  1  2  3  4  5  6  7  8  9 |
---------------+----------------------------+-----
Fighting       | 3 4 5 6 |  6.3
Armour         | 3 4 5 6 7 9 |  9.3
Maces & Flails | 1 3 5 6 |  6.7
Dodging        | 1 2 4 5 |  5.0
Staves         | |  5.0
Evocations     | |  1.0

Action                   |  1- 3 |  4- 6 |  7- 9 || total
-------------------------+-------+-------+-------++-------
Melee: Quarterstaff      |    58 |   156 |   156 ||   370
       Flail             |       |       |   153 ||   153
       Punch             |       |       |     5 ||     5
Throw: Throwing net      |       |       |     1 ||     1
Evoke: Wand              |       |       |     2 ||     2
  Use: Scroll            |     3 |       |     4 ||     7
       Potion            |       |       |     2 ||     2
 Stab: Held in net/web   |       |       |     1 ||     1
Armor: Scale mail        |    11 |   106 |    69 ||   186
       Chain mail        |    10 |       |       ||    10
       Ring mail         |       |       |   109 ||   109
Dodge: Dodged            |    16 |    71 |   195 ||   282

Table legend: (Time is in decaauts)
 A = Elapsed time spent in this place.
 B = Non-inter-level travel time spent in this place.
 C = Inter-level travel time spent in this place.
 D = Time resting spent in this place.
 E = Time spent auto-exploring this place.
 F = Levels seen in this place.
 G = Mean time per level.
                   A        B        C        D        E       F      G
               +--------+--------+--------+--------+--------+-----+--------+
         Total |   9116 |   8802 |    314 |   2604 |   4785 |   8 | 1139.5 |
       Dungeon |   8669 |   8365 |    304 |   2184 |   4785 |   7 | 1238.4 |
        Temple |    446 |    436 |     10 |    420 |      0 |   1 |  446.0 |
               +--------+--------+--------+--------+--------+-----+--------+

Top non-repeatable levels by time:
     D:7: 1750 daAuts
     D:5: 1690 daAuts
     D:6: 1440 daAuts
     D:3: 1183 daAuts
     D:4: 1097 daAuts
     D:1: 911 daAuts
     D:2: 596 daAuts
  Temple: 446 daAuts
